 Dungeon Crawl Stone Soup version 0.27.1-2-g3b301248ec (webtiles) character file.

Game seed: 8772370957682286135

1001 nxtlvl the Cleaver (level 8, -3/66 HPs)
             Began as a White Draconian Berserker on Sept 30, 2021.
             Was a Priest of Trog.
             Shot with an arrow by a centaur (6 damage)
             ... on level 7 of the Dungeon.
             The game lasted 00:10:37 (1241 turns).

nxtlvl the Cleaver (White Draconian Berserker)      Turns: 1241, Time: 00:10:37

Health: -3/66      AC:  6    Str: 19    XL:     8   Next: 0%
Magic:  8/8        EV: 13    Int:  8    God:    Trog [***...]
Gold:   146        SH:  0    Dex: 19    Spells: 7/7 levels left

rFire    . . .     SeeInvis .   a - +0 hand axe
rCold    + . .     Faith    .   (no shield)
rNeg     . . .     Spirit   .   (armour unavailable)
rPois    .         Reflect  .   (helmet restricted)
rElec    .         Harm     .   (no cloak)
rCorr    .         Rampage  .   (no gloves)
Will     .....                  (no boots)
Stlth    ++........             (no amulet)
HPRegen  0.21/turn              f - +6 ring of dexterity
MPRegen  0.11/turn              (no ring)

@: marked, on berserk cooldown, slowed, very slow
A: breathe frost, AC +6, unfitting armour, cold resistance 1, cold-blooded
a: Breathe Frost, Renounce Religion, Berserk, Trog's Hand


You were on level 7 of the Dungeon.
You worshipped Trog.
Trog was most pleased with you.
You visited 1 branch of the dungeon, and saw 8 of its levels.

You collected 146 gold pieces.

Inventory:

Hand Weapons
 a - a +0 hand axe (weapon)
Missiles
 b - 25 sling bullets
 i - 8 boomerangs (quivered)
 r - 16 arrows
Jewellery
 f - a +6 ring of dexterity (left hand)
Wands
 h - a wand of polymorph (7)
Scrolls
 l - a scroll of identify {unknown}
 m - a scroll of fear
 t - a scroll of amnesia {unknown}
Potions
 e - a potion of flight {unknown}
 g - 3 potions of heal wounds {unknown}
 j - a potion of curing {unknown}
 o - a potion of brilliance {unknown}
 p - 2 potions of mutation {unknown}
 s - a potion of attraction {unknown}
 u - a potion of degeneration {unknown}


   Skills:
 + Level 3.8 Fighting
 * Level 9.4 Axes
 + Level 3.1 Dodging


You had 7 spell levels left.
You didn't know any spells.
Your spell library contained the following spells:

 Spells                   Type           Power      Damage    Failure   Level
 Apportation              Tloc           0%         N/A       41%         1
 Magic Dart               Conj           0%         1d3       41%         1
 Call Imp                 Summ           0%         N/A       54%         2
 Ignite Poison            Fire/Tmut/Pois 0%         N/A       78%         3
 Mephitic Cloud           Conj/Pois/Air  0%         N/A       78%         3
 Alistair's Intoxication  Tmut/Pois      0%         N/A       100%        5
 Bolt of Magma            Conj/Fire/Erth 0%         4d4       100%        5
 Invisibility             Hex            0%         N/A       100%        6


Dungeon Overview and Level Annotations

Branches:
Dungeon (8/15)             Temple (0/1) D:4
   Lair: D:8-11

Altars:
Ashenzari
Okawaru
Uskayaw
Wu Jian
Yredelemnul

Shops:
D:3 (

Annotations:
D:8 Joseph


Innate Abilities, Weirdness & Mutations

You can breathe waves of freezing cold which knock back foes.
Your icy white scales are hard. (AC +6)
You cannot fit into any form of body armour.
Your flesh is cold resistant. (rC+)
You are cold-blooded and may be slowed by cold attacks.


Message History

* * * LOW HITPOINT WARNING * * *
The centaur convulses!
The orc warrior convulses!
The hornet convulses!
The orc convulses!
The bullfrog convulses!
It was a scroll of torment.
The centaur shoots an arrow.
The arrow barely misses you.
The centaur shoots an arrow.
The arrow closely misses you.
An orc comes into view. It is wielding a +0 short sword.
The centaur shoots an arrow.
The arrow misses you.
As you read the scroll of fear, it crumbles to dust.
You assume a fearsome visage.
The orc warrior looks frightened!
The orc looks frightened! x2; The bullfrog looks frightened!
The hornet looks frightened!
The centaur looks frightened!
An orc comes into view. It is wielding a +0 whip.
The centaur closely misses you. The centaur misses you.
As you read the scroll labelled VEECOLICWO, it crumbles to dust.
You feel aware of your surroundings.
You sensed 1 altar.
It was a scroll of magic mapping.
The centaur hits you but does no damage.
The centaur closely misses you. The centaur barely misses you. x2
Okay, then.
As you read the scroll labelled XIEHITHRIAMI, it crumbles to dust.
It is a scroll of enchant armour.
You aren't carrying any armour which can be enchanted further.
The centaur hits you.
* * * LOW HITPOINT WARNING * * *
The centaur closely misses you. The white imp misses you.
The centaur hits you but does no damage.
The centaur closely misses you.
A wight comes into view. It is wielding a +0 war axe.
The white imp gestures at you.
The puff of frost hits you but does no damage.
Blink to where?
Press: ? - help, Dir - move target
As you read the scroll labelled DOWETA ZISEF, it crumbles to dust.
It was a scroll of blinking.
The centaur wields a +0 shortbow.
The centaur shoots an arrow.
The arrow misses you.
The centaur shoots an arrow.
The arrow closely misses you. The white imp gestures at you.
The puff of frost misses you.
The centaur shoots an arrow.
The arrow hits you.
You die...

###*............#.........
*.......###'##.........
#...#........###....[..
#...#........# *......<
#...#.....)).# *......,
#...#......[.###......,
#...#......).c.#......,
#...#.>..............,,
#...#.@............#***
#...#.......z..z...####
#......................
#..................#*##
####.....(....#...###..
#....5.....#........
#####..........#........
#..........#c..#........
#.........ยง#...#........


You could see 2 centaurs, a wight and a white imp.

Vanquished Creatures
  An acid dragon (D:6)
  2 black bears
  An ogre (D:7)
  2 phantoms
  A bullfrog (D:7)
  A howler monkey (D:5)
  A hound (D:5)
  2 jellies
  4 orc priests
  An iguana (D:6)
  A scorpion zombie (D:5)
  A hound skeleton (D:4)
  Robin (D:2)
  2 adders
  A shadow imp (D:5)
  A white imp (D:7)
  A dart slug (D:3)
  12 orcs
  4 endoplasms
  3 giant cockroaches
  12 goblins
  6 hobgoblins
  4 jackals (D:3)
  3 kobolds
  A quokka (D:1)
  4 ball pythons
  2 bats (D:3)
  3 rats
78 creatures vanquished.

Notes
Turn   | Place    | Note
-------+----------+-------------------------------------------
     0 | D:1      | nxtlvl the Draconian Berserker began the quest for the Orb.
     0 | D:1      | Reached XP level 1. HP: 19/19 MP: 1/1
   105 | D:2      | Reached XP level 2. HP: 26/26 MP: 2/2
   120 | D:2      | Noticed Robin
   159 | D:2      | Reached skill level 4 in Axes
   169 | D:2      | Reached XP level 3. HP: 31/31 MP: 3/3
   169 | D:2      | Killed Robin
   179 | D:2      | Reached ** piety under Trog
   262 | D:3      | Found a broken altar of Ashenzari.
   388 | D:3      | Found a basalt altar of Yredelemnul.
   388 | D:3      | Found an iron altar of Okawaru.
   389 | D:3      | Found a hide-covered altar of Uskayaw.
   442 | D:3      | Found Asilewni's Weapon Shoppe.
   474 | D:3      | Reached skill level 5 in Axes
   474 | D:3      | Reached XP level 4. HP: 21/38 MP: 4/4
   522 | D:4      | Noticed a black bear
   533 | D:3      | Found an ornate altar of the Wu Jian Council.
   599 | D:4      | Reached XP level 5. HP: 34/45 MP: 5/5
   688 | D:4      | Reached skill level 6 in Axes
   689 | D:4      | Killed a black bear
   690 | D:4      | Reached XP level 6. HP: 51/51 MP: 6/6
   716 | D:4      | Found a staircase to the Ecumenical Temple.
   765 | D:4      | Reached *** piety under Trog
   786 | D:5      | Entered Level 5 of the Dungeon
   808 | D:5      | Reached skill level 7 in Axes
   892 | D:6      | Noticed an acid dragon
  1039 | D:5      | Reached skill level 8 in Axes
  1039 | D:5      | Your scales start taking on an icy white colour.
  1039 | D:5      | Reached XP level 7. HP: 47/57 MP: 7/7
  1039 | D:5      | Gained mutation: Your flesh is cold resistant. (rC+) [White
                  | Draconian growth]
  1102 | D:6      | Reached skill level 9 in Axes
  1171 | D:8      | Noticed Joseph
  1233 | D:7      | Noticed a hornet
  1235 | D:7      | Reached XP level 8. HP: 3/66 MP: 8/8
  1236 | D:7      | HP: 3/66 [/a scroll of torment (1)]
  1241 | D:7      | Shot with an arrow by a centaur

Illustrated notes

Levels and vault maps discovered:
D:1:      psy_arrival_fountain, layout_basic, ebering_ecumenical_altar_petrified
D:2:      layout_loops_ring, corexii_corridor_pit,
          chequers_serial_rivers_room_b, wad_floor_pattern_untrapped,
          minmay_pentomino_t2, uniq_crazy_yiuf_cottage, uniq_terence, uniq_robin
D:3:      layout_loops_cross, nicolae_wu_jian_wuxing_cycle,
          gammafunk_temple_overflow_claw, mainiacjoe_overflow_small_starburst,
          serial_shops, nicolae_square_shop
D:4:      layout_rooms, nicolae_sif_muna_little_library,
          minmay_temple_entry_waves
D:5:      layout_basic, gammafunk_ghost_hive, nrook_campfire
D:6:      layout_rooms, minivault_24
D:7:      layout_basic, overflow_temple_1_default, kennysheep_dice
D:8:      layout_cave_pools, vehumet_crystals, dpeg_oklobed_lair,
          ebering_ghost_gozag, minmay_misc_feat_hallway, uniq_joseph, uniq_pikel

Skill      XL: |  1  2  3  4  5  6  7 |
---------------+----------------------+-----
Axes           | 4 5 6 8 9 |  9.4
Dodging        | 3 |  3.1
Fighting       | |  3.8

Action                   |  1- 3 |  4- 6 |  7- 9 || total
-------------------------+-------+-------+-------++-------
Melee: Hand axe          |    94 |    72 |    28 ||   194
       Tailslap          |     7 |    15 |    10 ||    32
Invok: Berserk           |     3 |     4 |     3 ||    10
 Abil: Breathe Frost     |       |       |     2 ||     2
  Use: Scroll            |       |       |     7 ||     7
 Stab: Distracted        |     1 |       |       ||     1
Armor: Skin              |    19 |    17 |     8 ||    44
Dodge: Dodged            |    43 |    35 |    26 ||   104
